cohdb
Replays
Latest Replays
All Replays
Popular Replays
Top Player Replays
Match Explorer
How It Works
Community
CoH3 Stats
Reddit
Sign in to upload your games and track your stats! →
Sign in with Steam
Match 42757765
Unlisted
Match 42757765
Overview
Messages
Build Orders
End
Selects Special Operations Battlegroup
Selects M29 Weasel Recon Vehicle
M29 Weasel Recon Vehicle
Engineer Squad
Construct Barracks
M1 Mortar Team
Riflemen Squad
Riflemen Squad
Infantry Support Center
Construct Motor Pool
Selects Raiding Flares
Raiding Flares
M8 Greyhound Armored Car
Riflemen Squad
Selects SSF Commando Squad
M1 Anti-tank Gun Team
Grenade Package
Construct Weapon Support Center
M3 Armored Personnel Carrier
Dahlian
Random_Target
Bish Bash Bosh
Mr.Faraam
Artistóteles
Miles '+'
0
0
Comments
sign in to comment!
No comments posted yet!